General information
			
			
        
        - name: BNet
 
        - type: Ladder team game (AT/RT)
 
        - host: Battle.net
 
        - saver: BRAUMS
 
        
map: FullScaleAssault 
        - players: 8
 
        - length: 26:02
 
        - speed: Fast
 - version: 1.22 W3XP
 - replay type:  Public
 
» download(239 KB)
Players
        team 1 (winner) 
              
              
atouchofherlips (
blue | 94 APM | 2434 actions | 26:01)
              
 5 Death Knight 
 3 Death Coil
 2 Unholy Aura
 4 Naga Sea Witch 
 2 Forked Lightning
 2 Frost Arrows
 4 Lich 
 2 Frost Nova
 2 Dark Ritual
 
                » actions 
                
                | Assign group hotkey | 103 |  | 
| Basic commands | 11 |  | 
| Build / train | 75 |  | 
| ESC pressed | 3 |  | 
| Enter build submenu | 29 |  | 
| Enter hero's abilities submenu | 14 |  | 
| Give item / drop item | 2 |  | 
| Remove unit from queue | 1 |  | 
| Right click | 745 |  | 
| Select / deselect | 374 |  | 
| Select group hotkey | 959 |  | 
| Use ability | 118 |  | 
                2434 total
 » units 
                
                | Acolyte | 16 |  | 
| Ghoul | 2 |  | 
| Crypt Fiend | 3 |  | 
| Goblin Shredder | 1 |  | 
| Frost Wyrm | 10 |  | 
                32 total
 » upgrades
                
                | Web | 1 |  | 
| Creature Attack | 3 |  | 
| Creature Carapace | 3 |  | 
                7 total
 » buildings
                
                | Crypt | 1 |  | 
| Graveyard | 1 |  | 
| Altar of Darkness | 1 |  | 
| Ziggurat | 8 |  | 
| Tomb of Relics | 3 |  | 
| Halls of the Dead | 1 |  | 
| Necropolis | 2 |  | 
| Black Citadel | 1 |  | 
| Sacrificial Pit | 2 |  | 
| Boneyard | 3 |  | 
                23 total
 » build order
                01:15 Crypt
01:38 Graveyard
02:12 Altar of Darkness
02:28 Ziggurat
02:45 Tomb of Relics
03:28 Ziggurat
05:28 Ziggurat
06:38 Halls of the Dead
06:43 Necropolis
07:07 Ziggurat
07:11 Ziggurat
07:53 Necropolis
08:21 Ziggurat
08:59 Black Citadel
09:08 Tomb of Relics
09:10 Tomb of Relics
09:38 Sacrificial Pit
09:48 Sacrificial Pit
12:02 Boneyard
12:03 Boneyard
12:05 Boneyard
19:15 Ziggurat
19:18 Ziggurat
» items
                
                | Rod of Necromancy | 1 |  | 
| Sacrificial Skull | 1 |  | 
| Scroll of Town Portal | 4 |  | 
| Orb of Corruption | 2 |  | 
| Potion of Healing | 2 |  | 
| Potion of Mana | 3 |  | 
| Scroll of Healing | 4 |  | 
                17 total
  
               
              
              
» 
BRAUMS (
pink | 88 APM | 2299 actions | 26:02)
              
 7 Priestess of the Moon 
 3 Trueshot Aura
 3 Searing Arrows
 1 Starfall
 
                » actions 
                
                | Assign group hotkey | 32 |  | 
| Basic commands | 225 |  | 
| Build / train | 84 |  | 
| ESC pressed | 1 |  | 
| Enter build submenu | 18 |  | 
| Enter hero's abilities submenu | 7 |  | 
| Right click | 858 |  | 
| Select / deselect | 554 |  | 
| Select group hotkey | 461 |  | 
| Use ability | 59 |  | 
                2299 total
 » units 
                
                | Wisp | 27 |  | 
| Archer | 19 |  | 
| Hippogryph | 14 |  | 
                60 total
 » upgrades
                
                | Improved Bows | 1 |  | 
| Hippogryph Taming | 1 |  | 
| Strength of the Moon | 3 |  | 
| Marksmanship | 1 |  | 
| Moon Armor | 3 |  | 
| Well Spring | 1 |  | 
                10 total
 » buildings
                
                | Altar of Elders | 1 |  | 
| Moon Well | 5 |  | 
| Ancient of War | 2 |  | 
| Tree of Life | 3 |  | 
| Tree of Ages | 1 |  | 
| Hunter's Hall | 1 |  | 
| Ancient of Wonders | 2 |  | 
| Ancient of Wind | 2 |  | 
| Tree of Eternity | 1 |  | 
                18 total
 » build order
                01:10 Altar of Elders
01:12 Moon Well
02:18 Ancient of War
02:55 Ancient of War
02:59 Moon Well
03:31 Moon Well
05:05 Tree of Life
05:18 Tree of Ages
05:40 Tree of Life
06:27 Hunter's Hall
07:08 Moon Well
07:45 Ancient of Wonders
07:49 Ancient of Wonders
07:50 Ancient of Wind
08:37 Ancient of Wind
11:02 Tree of Life
12:30 Tree of Eternity
14:42 Moon Well
» items
                
                | Dust of Appearance | 1 |  | 
| Scroll of Town Portal | 3 |  | 
                4 total
  
               
              
              
» 
Rush[yyz] (
teal | 101 APM | 2634 actions | 26:01)
              
 2 Priestess of the Moon 
 1 Trueshot Aura
 1 Scout
 4 Keeper of the Grove 
 2 Entangling Roots
 2 Thorns Aura
 
                » actions 
                
                | Assign group hotkey | 62 |  | 
| Basic commands | 168 |  | 
| Build / train | 87 |  | 
| ESC pressed | 1 |  | 
| Enter build submenu | 19 |  | 
| Enter hero's abilities submenu | 7 |  | 
| Give item / drop item | 1 |  | 
| Remove unit from queue | 5 |  | 
| Right click | 1086 |  | 
| Select / deselect | 305 |  | 
| Select group hotkey | 834 |  | 
| Use ability | 59 |  | 
                2634 total
 » units 
                
                | Wisp | 25 |  | 
| Huntress | 11 |  | 
| Goblin Zeppelin | 2 |  | 
| Dryad | 6 |  | 
| Druid of the Claw | 1 |  | 
| Archer | 9 |  | 
                54 total
 » upgrades
                
                | Abolish Magic | 1 |  | 
| Strength of the Wild | 1 |  | 
| Nature's Blessing | 1 |  | 
| Druid of the Claw Training | 1 |  | 
                4 total
 » buildings
                
                | Altar of Elders | 3 |  | 
| Moon Well | 7 |  | 
| Hunter's Hall | 1 |  | 
| Ancient of War | 5 |  | 
| Tree of Ages | 4 |  | 
| Tree of Life | 3 |  | 
| Ancient of Lore | 3 |  | 
| Tree of Eternity | 1 |  | 
                27 total
 » build order
                00:23 Altar of Elders
00:24 Moon Well
01:42 Hunter's Hall
01:46 Ancient of War
02:18 Ancient of War
02:23 Moon Well
02:34 Moon Well
03:49 Tree of Ages
05:38 Moon Well
09:27 Tree of Life
09:32 Ancient of Lore
09:33 Ancient of Lore
09:36 Ancient of Lore
10:40 Moon Well
12:02 Tree of Life
14:53 Tree of Eternity
18:22 Moon Well
20:34 Altar of Elders
20:36 Moon Well
20:39 Altar of Elders
21:23 Tree of Life
22:57 Ancient of War
22:57 Ancient of War
22:59 Ancient of War
24:21 Tree of Ages
» items
                
                | Scroll of Town Portal | 6 |  | 
| Orb of Corruption | 2 |  | 
                8 total
  
               
              
              
» 
TIMG4STRok (
green | 89 APM | 2317 actions | 26:01)
              
 5 Death Knight 
 3 Death Coil
 2 Unholy Aura
 4 Lich 
 2 Frost Nova
 2 Dark Ritual
 
                » actions 
                
                | Assign group hotkey | 22 |  | 
| Basic commands | 57 |  | 
| Build / train | 52 |  | 
| Enter build submenu | 17 |  | 
| Enter hero's abilities submenu | 9 |  | 
| Give item / drop item | 8 |  | 
| Right click | 1084 |  | 
| Select / deselect | 196 |  | 
| Select group hotkey | 803 |  | 
| Use ability | 69 |  | 
                2317 total
 » units 
                
                | Acolyte | 2 |  | 
| Ghoul | 3 |  | 
| Crypt Fiend | 8 |  | 
| Frost Wyrm | 9 |  | 
                22 total
 » upgrades
                
                | Creature Attack | 3 |  | 
| Web | 1 |  | 
| Creature Carapace | 3 |  | 
| Burrow | 1 |  | 
| Freezing Breath | 1 |  | 
                9 total
 » buildings
                
                | Graveyard | 1 |  | 
| Crypt | 1 |  | 
| Ziggurat | 6 |  | 
| Altar of Darkness | 1 |  | 
| Tomb of Relics | 1 |  | 
| Halls of the Dead | 1 |  | 
| Necropolis | 1 |  | 
| Black Citadel | 1 |  | 
| Sacrificial Pit | 1 |  | 
| Spirit Tower | 2 |  | 
| Boneyard | 2 |  | 
                18 total
 » build order
                02:04 Graveyard
02:08 Crypt
02:38 Ziggurat
02:57 Altar of Darkness
03:28 Tomb of Relics
04:00 Ziggurat
04:31 Ziggurat
06:24 Halls of the Dead
08:19 Necropolis
08:45 Black Citadel
08:55 Sacrificial Pit
09:52 Ziggurat
10:15 Spirit Tower
10:25 Ziggurat
11:11 Boneyard
11:26 Boneyard
12:37 Spirit Tower
14:46 Ziggurat
» items
                
                | Rod of Necromancy | 2 |  | 
| Boots of Speed | 1 |  | 
| Scroll of Town Portal | 1 |  | 
| Dust of Appearance | 1 |  | 
| Staff of Teleportation | 1 |  | 
                6 total
  
               team 2 (loser) 
              
              
» 
daytime (
red | 54 APM | 1394 actions | 25:50)
              
 5 Tauren Chieftain 
 2 War Stomp
 3 Endurance Aura
 
                » actions 
                
                | Assign group hotkey | 24 |  | 
| Basic commands | 128 |  | 
| Build / train | 73 |  | 
| ESC pressed | 1 |  | 
| Enter build submenu | 20 |  | 
| Enter hero's abilities submenu | 5 |  | 
| Give item / drop item | 2 |  | 
| Remove unit from queue | 2 |  | 
| Right click | 411 |  | 
| Select / deselect | 348 |  | 
| Select group hotkey | 314 |  | 
| Use ability | 66 |  | 
                1394 total
 » units 
                
                | Peon | 19 |  | 
| Troll Headhunter/Berserker | 8 |  | 
| Demolisher | 3 |  | 
| Goblin Zeppelin | 1 |  | 
| Troll Batrider | 13 |  | 
| Wind Rider | 1 |  | 
                45 total
 » upgrades
                
                | Ranged Weapons | 3 |  | 
| Burning Oil | 1 |  | 
| Liquid Fire | 1 |  | 
| Envenomed Spears | 1 |  | 
| Armor | 1 |  | 
| Berserker Upgrade | 1 |  | 
| Spiked Barricades | 1 |  | 
                9 total
 » buildings
                
                | Altar of Storms | 1 |  | 
| War Mill | 1 |  | 
| Orc Burrow | 6 |  | 
| Barracks | 2 |  | 
| Voodoo Lounge | 1 |  | 
| Stronghold | 1 |  | 
| Great Hall | 4 |  | 
| Watch Tower | 5 |  | 
| Fortress | 1 |  | 
| Beastiary | 2 |  | 
                24 total
 » build order
                00:10 Altar of Storms
00:15 War Mill
00:46 Orc Burrow
01:17 Barracks
02:02 Orc Burrow
02:24 Barracks
03:00 Voodoo Lounge
03:08 Orc Burrow
05:18 Stronghold
05:59 Great Hall
06:43 Great Hall
07:10 Watch Tower
07:11 Watch Tower
07:14 Watch Tower
07:16 Watch Tower
09:35 Great Hall
10:10 Orc Burrow
11:18 Fortress
12:51 Beastiary
12:57 Beastiary
14:24 Orc Burrow
15:38 Orc Burrow
24:52 Great Hall
25:13 Watch Tower
» items
                
                | Healing Salve | 2 |  | 
| Scroll of Speed | 1 |  | 
| Potion of Healing | 2 |  | 
| Scroll of Town Portal | 3 |  | 
| Potion of Lesser Invulnerability | 1 |  | 
                9 total
  
               
              
              
M-o-N-k-S (
orange | 93 APM | 2428 actions | 25:58)
              
 6 Death Knight 
 3 Death Coil
 2 Unholy Aura
 1 Animate Dead
 
                » actions 
                
                | Assign group hotkey | 400 |  | 
| Basic commands | 321 |  | 
| Build / train | 61 |  | 
| Enter build submenu | 21 |  | 
| Enter hero's abilities submenu | 6 |  | 
| Give item / drop item | 2 |  | 
| Right click | 890 |  | 
| Select / deselect | 374 |  | 
| Select group hotkey | 296 |  | 
| Use ability | 56 |  | 
                2428 total
 » units 
                
                | Acolyte | 7 |  | 
| Ghoul | 4 |  | 
| Crypt Fiend | 14 |  | 
| Frost Wyrm | 9 |  | 
                34 total
 » upgrades
                
                | Web | 1 |  | 
| Creature Attack | 2 |  | 
| Freezing Breath | 1 |  | 
                4 total
 » buildings
                
                | Crypt | 1 |  | 
| Graveyard | 1 |  | 
| Altar of Darkness | 1 |  | 
| Ziggurat | 7 |  | 
| Tomb of Relics | 1 |  | 
| Nerubian Tower | 1 |  | 
| Halls of the Dead | 3 |  | 
| Black Citadel | 1 |  | 
| Sacrificial Pit | 1 |  | 
| Boneyard | 2 |  | 
| Spirit Tower | 1 |  | 
                20 total
 » build order
                00:08 Crypt
00:16 Graveyard
00:43 Altar of Darkness
01:00 Ziggurat
01:30 Tomb of Relics
02:07 Ziggurat
02:23 Nerubian Tower
03:42 Halls of the Dead
03:42 Halls of the Dead
04:40 Ziggurat
06:03 Black Citadel
07:06 Sacrificial Pit
07:40 Ziggurat
08:32 Boneyard
08:33 Boneyard
09:14 Ziggurat
10:15 Ziggurat
17:33 Ziggurat
22:43 Spirit Tower
» items
                
                | Rod of Necromancy | 1 |  | 
| Dust of Appearance | 1 |  | 
| Potion of Healing | 2 |  | 
| Sacrificial Skull | 1 |  | 
| Potion of Mana | 1 |  | 
| Scroll of Town Portal | 2 |  | 
                8 total
  
               
              
              
sPikE[rAiN] (
purple | 49 APM | 1266 actions | 26:01)
              
 5 Blademaster 
 3 Wind Walk
 2 Critical Strike
 2 Shadow Hunter 
 1 Hex
 1 Healing Wave
 
                » actions 
                
                | Assign group hotkey | 14 |  | 
| Basic commands | 1 |  | 
| Build / train | 56 |  | 
| Enter build submenu | 16 |  | 
| Enter hero's abilities submenu | 7 |  | 
| Give item / drop item | 1 |  | 
| Right click | 452 |  | 
| Select / deselect | 310 |  | 
| Select group hotkey | 281 |  | 
| Use ability | 128 |  | 
                1266 total
 » units 
                
                | Peon | 10 |  | 
| Wind Rider | 5 |  | 
| Troll Batrider | 14 |  | 
                29 total
 » upgrades
                
                | Ranged Weapons | 2 |  | 
| Armor | 2 |  | 
| Envenomed Spears | 1 |  | 
                5 total
 » buildings
                
                | Altar of Storms | 1 |  | 
| Orc Burrow | 7 |  | 
| Stronghold | 2 |  | 
| Voodoo Lounge | 2 |  | 
| War Mill | 2 |  | 
| Beastiary | 2 |  | 
| Fortress | 1 |  | 
                17 total
 » build order
                00:07 Altar of Storms
00:10 Orc Burrow
02:16 Stronghold
02:16 Stronghold
02:23 Orc Burrow
02:29 Voodoo Lounge
03:21 War Mill
04:06 Orc Burrow
04:44 Beastiary
04:48 Beastiary
04:49 Fortress
05:32 War Mill
07:00 Orc Burrow
13:44 Orc Burrow
16:29 Voodoo Lounge
16:58 Orc Burrow
17:00 Orc Burrow
» items
                
                | Lesser Clarity Potion | 2 |  | 
| Healing Salve | 2 |  | 
| Scroll of Speed | 1 |  | 
| Orb of Lightning | 1 |  | 
| Scroll of Town Portal | 2 |  | 
| Scroll of Healing | 1 |  | 
| Potion of Healing | 1 |  | 
                10 total
  
               
              
              
Wrong (
yellow | 83 APM | 2149 actions | 25:52)
              
 4 Paladin 
 2 Holy Light
 2 Divine Shield
 4 Goblin Alchemist 
 2 Acid Bomb
 2 Chemical Rage
 2 Firelord 
 1 Summon Lava Spawn
 1 Soul Burn
 
                » actions 
                
                | Assign group hotkey | 34 |  | 
| Basic commands | 109 |  | 
| Build / train | 124 |  | 
| ESC pressed | 2 |  | 
| Enter build submenu | 32 |  | 
| Enter hero's abilities submenu | 10 |  | 
| Give item / drop item | 4 |  | 
| Remove unit from queue | 2 |  | 
| Right click | 470 |  | 
| Select / deselect | 392 |  | 
| Select group hotkey | 814 |  | 
| Use ability | 156 |  | 
                2149 total
 » units 
                
                | Peasant | 14 |  | 
| Priest | 4 |  | 
| Mortar Team | 5 |  | 
| Spell Breaker | 2 |  | 
| Flying Machine | 1 |  | 
| Sorceress | 4 |  | 
| Siege Engine | 3 |  | 
| Dragonhawk Rider | 1 |  | 
                34 total
 » upgrades
                
                | Masonry | 3 |  | 
| Lumber Harvesting | 1 |  | 
| Priest Training | 2 |  | 
| Magic Sentry | 1 |  | 
| Flare | 1 |  | 
| Sorceress Training | 2 |  | 
| Plating | 1 |  | 
| Gunpowder | 1 |  | 
| Barrage | 1 |  | 
| Fragmentation Shards | 1 |  | 
| Control Magic | 1 |  | 
| Cloud | 1 |  | 
                16 total
 » buildings
                
                | Lumber Mill | 1 |  | 
| Farm | 10 |  | 
| Scout Tower | 4 |  | 
| Arcane Tower | 7 |  | 
| Keep | 4 |  | 
| Blacksmith | 1 |  | 
| Altar of Kings | 2 |  | 
| Arcane Sanctum | 2 |  | 
| Workshop | 3 |  | 
| Arcane Vault | 1 |  | 
| Castle | 1 |  | 
| Gryphon Aviary | 1 |  | 
| Barracks | 1 |  | 
                38 total
 » build order
                00:24 Lumber Mill
01:00 Farm
01:23 Farm
01:42 Scout Tower
01:51 Scout Tower
02:12 Arcane Tower
02:12 Arcane Tower
02:22 Arcane Tower
02:24 Scout Tower
02:27 Scout Tower
02:48 Keep
02:48 Keep
02:48 Keep
02:52 Arcane Tower
03:02 Arcane Tower
03:02 Arcane Tower
03:02 Arcane Tower
03:06 Farm
03:28 Blacksmith
03:41 Altar of Kings
03:49 Farm
04:00 Farm
04:49 Farm
05:39 Arcane Sanctum
05:42 Arcane Sanctum
05:48 Workshop
05:52 Workshop
05:56 Arcane Vault
09:31 Farm
09:33 Castle
09:56 Farm
14:30 Farm
14:32 Farm
16:58 Gryphon Aviary
18:26 Barracks
22:46 Workshop
24:47 Altar of Kings
» items
                
                | Potion of Lesser Invulnerability | 1 |  | 
| Circlet of Nobility | 1 |  | 
| Staff of Sanctuary | 2 |  | 
| Scroll of Town Portal | 2 |  | 
| Orb of Fire | 1 |  | 
| Boots of Speed | 1 |  | 
| Tome of Retraining | 1 |  | 
| Scroll of Protection | 1 |  | 
                10 total
  
                Chat log
          (00:11 / Allies) Rush[yyz]: LOL
(00:13 / Allies) Rush[yyz]: 3 afk
(00:36 / Allies) Rush[yyz]: lookin good 4 us
(01:07 / Allies) Rush[yyz]: just me and ou corr
(01:09 / Allies) Rush[yyz]: we have achance
(01:25 / Allies) atouchofherlips: i was afk
(01:28 / Allies) atouchofherlips: but came up
(01:53 / Allies) Rush[yyz]: lol corr
(01:57 / Allies) TIMG4STRok: just got out of the shwer
(02:03 / Allies) BRAUMS: I drove to mcdonalds
(02:04 / Allies) BRAUMS: and made it back
(02:05 / Allies) Rush[yyz]: are you playing naked?
(02:07 / Allies) Rush[yyz]: and wet?
(02:12 / Allies) TIMG4STRok: im in a towel
(02:13 / Allies) TIMG4STRok: wt
(02:14 / Allies) TIMG4STRok: wet
(02:19 / Allies) Rush[yyz]: hot...
(02:20 / Allies) TIMG4STRok: dedication yo
(03:09 / Allies) BRAUMS: Noob
(03:12 / Allies) BRAUMS: they're all t3
(03:15 / Allies) BRAUMS: and we just go here rofl
(03:33 / Allies) Rush[yyz]: techhh
(03:59 / Allies) BRAUMS: DWOW
(04:08 / Allies) TIMG4STRok: where my $100
(04:15 / Allies) Rush[yyz]: take 2
(04:18 / Allies) TIMG4STRok: ty
(04:22 / Allies) TIMG4STRok: i take 3 bitch
(04:23 / Allies) BRAUMS: only
(04:23 / Allies) atouchofherlips: what about me noob
(04:24 / Allies) BRAUMS: a nigger
(04:26 / Allies) BRAUMS: would ask for that
(04:35 / Allies) BRAUMS: 10 minutes
(04:37 / Allies) BRAUMS: into tjhe game
(04:37 / Allies) TIMG4STRok: please
(04:48 / Allies) Rush[yyz]: lol
(04:50 / Allies) Rush[yyz]: timing
(04:51 / Allies) Rush[yyz]: god
(04:53 / Allies) Rush[yyz]: so good
(06:06 / Allies) Rush[yyz]: patrol
(06:06 / Allies) Rush[yyz]: afk
(06:12 / All) BRAUMS: so i drove down to mcdonalds
(06:16 / All) BRAUMS: was afk for 3 mins into the game
(06:19 / All) BRAUMS: and we're prolly gonna win
(07:38 / Allies) BRAUMS: coming with archers
(07:39 / Allies) Rush[yyz]: fuckin
(07:40 / Allies) Rush[yyz]: hh
(07:49 / Allies) Rush[yyz]: shit is no joke
(08:01 / Allies) Rush[yyz]: image
(08:17 / Allies) BRAUMS: double potm!!
(08:21 / All) BRAUMS: Lmao
(08:21 / All) BRAUMS: tp
(08:29 / Allies) Rush[yyz]: 2 potm powa!
(09:12 / Allies) Rush[yyz]: fuckin gyrps
(09:24 / Allies) BRAUMS: gyros
(09:25 / Allies) BRAUMS: rofl
(12:08 / All) BRAUMS: lmao
(12:46 / Allies) Rush[yyz]: cali knows how to party
(12:58 / Allies) TIMG4STRok: buy me orb bender
(12:59 / Allies) TIMG4STRok: nm
(15:21 / Allies) Rush[yyz]: batssssss
(15:38 / Allies) BRAUMS: rape
(18:56 / Allies) Rush[yyz]: sac?
(19:09 / Allies) atouchofherlips: gold
(19:09 / Allies) atouchofherlips: !
(20:14 / All) BRAUMS: rofl
(20:20 / All) BRAUMS: Leave this game
(20:22 / All) BRAUMS: and quit
(20:23 / Allies) Rush[yyz]: mass cata ftw
(20:59 / All) BRAUMS: this one is for ian
(21:03 / All) BRAUMS: the kid who made hippo riders
(21:57 / All) BRAUMS: spar goo goo
(22:17 / All) BRAUMS: Leave
(23:48 / All) BRAUMS: rfol
(24:01 / All) BRAUMS: rofl
(25:07 / All) BRAUMS: rofl
(25:20 / All) BRAUMS: embarassing
(25:52 / All) BRAUMS: rofl
(25:58 / Allies) Rush[yyz]: 3 afk
(25:59 / Allies) Rush[yyz]: to start
(26:00 / Allies) Rush[yyz]: lol